 Dungeon Crawl Stone Soup version 0.18-a0-952-g309898a (webtiles) character file.

240 JokEr the Skirmisher (level 5, -3/50 HPs)
             Began as a Minotaur Fighter on Dec 30, 2015.
             Slain by Robin
             ... wielding a +0 trident
              (7 damage)
             ... on level 2 of the Dungeon.
             The game lasted 00:03:40 (1312 turns).

JokEr the Skirmisher (Minotaur Fighter)             Turns: 1312, Time: 00:03:40

Health: -3/50      AC:  6    Str: 21    XL:     5   Next: 79%
Magic:  4/4        EV:  7    Int:  5    God:
Gold:   64         SH:  9    Dex: 10    Spells: 0 memorised, 4 levels left

rFire  . . .     SeeInvis .     a - +0 long sword
rCold  . . .     Gourm    .     b - +0 scale mail
rNeg   . . .     Faith    .     c - +0 shield
rPois  .         Spirit   .     (helmet restricted)
rElec  .         Dismiss  .     (no cloak)
rCorr  .         Reflect  .     (no gloves)
SustAt .         Harm     .     (no boots)
MR     .....                    (no amulet)
Stlth  ..........               (no ring)
                                (no ring)

@: not resistant to hostile enchantments, extremely unstealthy
A: retaliatory headbutt, horns 2
a: no special abilities


You were on level 2 of the Dungeon.
You were not hungry.

You visited 1 branch of the dungeon, and saw 2 of its levels.

You collected 64 gold pieces.

Inventory:

Hand Weapons
 a - a +0 long sword (weapon)
Armour
 b - a +0 scale mail (worn)
 c - a +0 shield (worn)
Jewellery
 m - an uncursed ring of see invisible {unknown}
 r - an uncursed ring of wizardry {unknown}
Wands
 o - a wand of polymorph (13/24)
Scrolls
 d - a scroll of remove curse
Potions
 e - a potion of heal wounds {unknown}
 i - a potion of resistance {unknown}
 j - a potion of agility {unknown}
 l - 2 potions of haste {unknown}
 n - a potion of degeneration {unknown}
 p - a potion of magic {unknown}
Comestibles
 f - 2 bread rations
 g - a meat ration
 h - a beef jerky
 k - a slice of pizza
 q - 4 chunks of flesh


   Skills:
 + Level 6.2 Fighting
 + Level 5.4 Long Blades
 - Level 3.6 Armour
 - Level 3.6 Shields


You had 4 spell levels left.
You didn't know any spells.

Dungeon Overview and Level Annotations

Branches:
Dungeon (2/15)

Altars:
Ashenzari
Cheibriados

Annotations:
D:2 Robin


Innate Abilities, Weirdness & Mutations

You reflexively headbutt those who attack you in melee.
You have a pair of horns on your head.


Message History

* * * LOW HITPOINT WARNING * * *
You block the goblin's attack. The goblin hits you but does no damage.
The goblin hits you but does no damage.
The goblins go into a battle-frenzy!
Something hits you.
* * * LOW HITPOINT WARNING * * *
The goblin hits you but does no damage.
You closely miss something. You headbutt something.
The goblin hits you but does no damage. x3
Something hits you but does no damage. You block the goblin's attack.
The goblin hits you.
* * * LOW HITPOINT WARNING * * *
Your shield prevents you from hitting something.
The goblin hits you but does no damage. The goblin barely misses you.
You furiously retaliate!
You headbutt the goblin. Something hits you.
* * * LOW HITPOINT WARNING * * *
The goblin closely misses you. The goblin barely misses you.
You block the goblin's attack.
You hit something. The goblin hits you but does no damage. Something hits you!
You die...

#####.#.###..#.# #......†#.###
#...........##.## #.......#.#..
#...............# #.......#.#..
#...............###########.#..
#####.#...####((...# ####.#..
#.#...# #.....# #....###
#.#...# #)....# ##....###
#.#...####gg...# #.......#
#.........@g...####+###.#.#
......{#g....#... #.#.#
.......#####.#... #.#.# .......
#.#.... #.#.. .......
##.###.###'### .......
............# .......
#..........# ####.#.
#..........# #..........#


You could see 4 goblins.

Vanquished Creatures
  Sigmund (D:2)
  Terence (D:2)
  2 adders (D:2)
  A worm (D:2)
  4 bats
  A giant cockroach (D:1)
  8 hobgoblins
  5 kobolds
  A giant newt (D:2)
  8 goblins
  4 jackals (D:2)
  6 rats
42 creatures vanquished.

Notes
Turn   | Place    | Note
--------------------------------------------------------------
     0 | D:1      | JokEr the Minotaur Fighter began the quest for the Orb.
     0 | D:1      | Reached XP level 1. HP: 19/19 MP: 0/0
   154 | D:1      | Reached skill level 4 in Fighting
   249 | D:1      | Reached XP level 2. HP: 27/27 MP: 1/1
   591 | D:2      | Reached XP level 3. HP: 34/34 MP: 2/2
   651 | D:2      | Found a shattered altar of Ashenzari.
   702 | D:2      | Noticed Terence
   708 | D:2      | Killed Terence
   787 | D:2      | Reached skill level 5 in Fighting
   851 | D:2      | Reached XP level 4. HP: 42/42 MP: 3/3
   871 | D:2      | Found a snail-covered altar of Cheibriados.
   894 | D:2      | Noticed Sigmund
   903 | D:2      | Killed Sigmund
   903 | D:2      | Reached skill level 6 in Fighting
   903 | D:2      | Reached skill level 5 in Long Blades
   903 | D:2      | Reached XP level 5. HP: 38/50 MP: 4/4
  1291 | D:2      | Noticed Robin
  1312 | D:2      | Slain by Robin

Vault maps used:
D:1:      dpeg_arrival_arbitrary_c
D:2:      evilmike_ruin_ashenzari, cheibriados_altar_1, uniq_sigmund,
          uniq_terence, uniq_robin

Action                   |  1- 3 |  4- 6 || total
-------------------------+-------+-------++-------
Melee: Long sword        |    55 |    40 ||    95
       Unarmed           |       |     5 ||     5
  Use: Scroll            |     2 |       ||     2
       Potion            |     1 |       ||     1
 Stab: Confused          |       |     2 ||     2
  Eat: Chunk             |       |     1 ||     1
